 Dungeon Crawl Stone Soup version 0.31-a0-848-gaac375c287 (webtiles) character file.

Game seed: 3128802976744818517

4043 gelatine the Cleaver (level 10, -5/63 (67) HPs)
             Began as a Demonspawn Gladiator on Oct 5, 2023.
             Slain by a two-headed ogre
             ... wielding a +0 giant club
              (17 damage)
             ... on level 7 of the Dungeon.
             The game lasted 00:17:54 (7230 turns).

gelatine the Cleaver (Demonspawn Gladiator)         Turns: 7230, Time: 00:17:55

HP:   -5/63 (67)    AC: 20    Str: 18    XL:     10   Next: 4%
MP:   14/14         EV: 12    Int:  9    God:
Gold: 254           SH:  0    Dex: 16    Spells: 11/15 levels left

rFire   x . .        w - +7 Throatcutter {drain, coup de grace}
rCold   + + .        (no shield)
rNeg    . . .        n - +3 scale mail {rPois}
rPois   +            j - +2 helmet
rElec   .            v - +2 cloak
rCorr   .            (no gloves)
SInv    .            (no boots)
Will    .....        x - amulet of magic regeneration Stlth
                     g - ring of ice
HPRegen 0.30/turn    (no ring)
MPRegen 0.54/turn

%: no passive effects
@: drained
A: icy blue scales 3, foul stench 1, powered by death 1, demonic touch 1
a: no special abilities


You were on level 7 of the Dungeon.
You visited 2 branches of the dungeon, and saw 9 of its levels.

You collected 434 gold pieces.
You spent 180 gold pieces at shops.

Inventory:

Hand Weapons
 a - a +0 war axe of freezing
 w - the +7 Throatcutter (weapon) {drain, coup de grace}
   (You found it on level 6 of the Dungeon)
Missiles
 d - 3 throwing nets
 e - a javelin
 f - 4 boomerangs (quivered)
 i - 28 poisoned darts
 t - 3 curare-tipped darts
Armour
 j - a +2 helmet (worn)
 n - a +3 scale mail of poison resistance (worn)
 v - a +2 cloak (worn)
Jewellery
 g - a ring of ice (left hand)
 x - an amulet of magic regeneration (around neck)
Talismans
 C - a maw talisman
Wands
 y - a wand of polymorph (10)
Scrolls
 b - a scroll of blinking {unknown}
 c - a scroll of torment
 h - a scroll of vulnerability {unknown}
 l - 2 scrolls of revelation
 m - 3 scrolls of enchant armour {unknown}
 q - a scroll of immolation
 r - a scroll of fog {unknown}
 s - 2 scrolls of teleportation {unknown}
 u - 3 scrolls of enchant weapon {unknown}
 D - a scroll of silence {unknown}
Potions
 k - 2 potions of berserk rage
 o - 3 potions of mutation
 p - a potion of haste
 z - a potion of brilliance
 B - a potion of heal wounds {unknown}


   Skills:
 - Level 2.0 Fighting
 + Level 1.3 Long Blades
 + Level 8.3 Axes
 + Level 5.5 Throwing
 * Level 5.2 Armour
 * Level 4.8 Dodging
 + Level 0.5 Stealth
 + Level 3.2 Spellcasting
 * Level 3.9 Poison Magic
 + Level 3.3 Evocations


You had 11 spell levels left.
You knew the following spells:

 Your Spells              Type           Power      Damage    Failure   Level
a - Olgreb's Toxic Radia  Pois           8%         N/A       86%         4

Your spell library contained the following spells:

 Spells                   Type           Power      Damage    Failure   Level
 Sting                    Tmut/Pois      16%        1d3       36%         1
 Poisonous Vapours        Pois/Air       8%         N/A       50%         2
 Momentum Strike          Conj/Tloc      2%         3d8       78%         2
 Tukima's Dance           Hex            1%         N/A       95%         3
 Dimensional Bullseye     Hex/Tloc       0%         N/A       100%        4
 Iskenderun's Mystic Bla  Conj/Tloc      1%         2d3       100%        4
 Leda's Liquefaction      Hex/Erth       0%         N/A       100%        4
 Lee's Rapid Deconstruct  Erth           0%         3d4*      100%        5
 Bombard                  Conj/Erth      0%         9d1       100%        6


Dungeon Overview and Level Annotations

Branches:
Dungeon (8/15)             Temple (1/1) D:5
   Lair: D:8-11

Altars:
Ashenzari
Cheibriados
Dithmenos
Fedhas
Gozag
Hepliaklqana
Kikubaaqudgha
Okawaru
Qazlal
Ru
Sif Muna
Trog
Uskayaw
Vehumet
Wu Jian
Xom
Yredelemnul

Shops:
D:2 [

Annotations:
D:7 2 transporters, justen's ghost, novice MfSh


Innate Abilities, Weirdness & Mutations

You are completely covered in icy blue scales. (AC +4, rC+)
You may rarely emit foul miasma when damaged in melee.
You regenerate a little health from kills.
Your touch may inflict minor irresistible damage on your foes.


Message History

* * * LOW HITPOINT WARNING * * *
You hear a croak.
You climb upwards.
Level annotation: 2 transporters, justen's ghost, novice MfSh
There is a stone staircase leading down here.
You hit the wight.
You behead the wight!
You destroy the wight!
Things that are here:
a +4 morningstar; a +0 robe HP restored.
Partly explored, unvisited transporter.
There is a stone staircase leading down here.
You climb downwards.
The howler monkey hits you but does no damage.
The two-headed ogre hits you with a +0 giant club.
The two-headed ogre hits you with a +0 giant club!
The sleepcap releases spores at you but does no damage.
The howler monkey hoots and howls with incredible vigour!
The wight barely misses you.
The sleepcap releases spores at you but does no damage.
You hear a shout!
There is a stone staircase leading up, spattered with blood here.
You barely miss the howler monkey. Your touch misses the howler monkey.
The two-headed ogre hits you with a +0 giant club! x2
The howler monkey closely misses you.
The wight hits you from afar with a +1 halberd.
The sleepcap barely misses you. The howler monkey barely misses you.
The wight hits you but does no damage.
The two-headed ogre hits you with a +0 giant club!!
* * * LOW HITPOINT WARNING * * *
The two-headed ogre barely misses you.
The sleepcap releases spores at you but does no damage.
The howler monkey misses you.
You climb upwards.
Level annotation: 2 transporters, justen's ghost, novice MfSh
There is a stone staircase leading down here.
You feel better. The sleepcap barely misses you. The howler monkey hits you.
* * * LOW HITPOINT WARNING * * *
The two-headed ogre hits you with a +0 giant club!
You die...

##.....## ##..# ###.# #.......##
##..## ##.#.#
.........####...###########....##
.........'.......................
.........####...###########....##
#.......## ##..## ##.#.##
##.....## #...# ##...# ##...##
#.#f# #..... ##'#########.h@#
#.#... #..<......##O## #..... #
#..######.##.# ##...# # ##..#
#.##.# ##.### ###...######.##.#
##...#. ..........##.##.# #......
###...##...#.##.# ##...#. #
##............# ##.### #
#.###...###### #.# #


You could see a two-headed ogre, a sleepcap and a howler monkey.

Vanquished Creatures
  A kobold demonologist (D:6)
  Grinder (D:6)
  Eustachio (D:6)
  Menkaure (D:6)
  Edmund (D:4)
  A water moccasin (D:6)
  2 ice beasts (D:5)
  A black bear (D:4)
  An orc warrior (D:6)
  2 ogres
  2 centaurs
  A phantom (D:5)
  8 kobold brigands (D:6)
  3 bullfrogs
  3 scorpions (D:6)
  8 wights
  A howler monkey (D:8)
  2 jellies
  4 orc priests
  6 iguanas
  6 sleepcaps
  Terence (D:3)
  6 orc wizards
  4 gnolls (D:5)
  8 adders
  5 shadow imps
  A white imp (D:6)
  2 ufetubi (D:6)
  2 worms
  33 orcs
  9 endoplasms
  A giant cockroach (D:4)
  7 goblins
  5 hobgoblins
  4 jackals (D:2)
  A quokka (D:5)
  4 ball pythons
  7 bats
  3 frilled lizards
  6 kobolds
  6 rats
171 creatures vanquished.

Notes
Turn   | Place    | Note
-------+----------+-------------------------------------------
     0 | D:1      | gelatine the Demonspawn Gladiator began the quest for the
                  | Orb.
     0 | D:1      | Reached XP level 1. HP: 16/16 MP: 1/1
   275 | D:1      | Gained mutation: You are partially covered in icy blue
                  | scales. (AC +2) [demonic ancestry]
   275 | D:1      | Reached XP level 2. HP: 22/22 MP: 2/2
   284 | D:1      | Reached skill level 3 in Axes
  1043 | D:2      | Found Uloucume's Antique Armour Shop.
  1101 | D:2      | Found a stormy altar of Qazlal.
  1282 | D:2      | Reached XP level 3. HP: 27/27 MP: 3/3
  1657 | D:3      | Noticed Terence
  1671 | D:3      | Killed Terence
  1781 | D:3      | Reached skill level 1 in Armour
  1781 | D:3      | Gained mutation: You are mostly covered in icy blue scales.
                  | (AC +3) [demonic ancestry]
  1781 | D:3      | Reached XP level 4. HP: 12/33 MP: 4/4
  2254 | D:3      | Found a faded altar of an unknown god.
  2331 | D:4      | Reached skill level 4 in Axes
  2331 | D:4      | Gained mutation: You are completely covered in icy blue
                  | scales. (AC +4, rC+) [demonic ancestry]
  2331 | D:4      | Reached XP level 5. HP: 23/38 MP: 5/5
  2653 | D:4      | Learned a level 4 spell: Olgreb's Toxic Radiance
  2654 | D:4      | Noticed a black bear
  2657 | D:4      | Noticed an ogre
  2669 | D:4      | Killed a black bear
  2670 | D:4      | Gained mutation: You may rarely emit foul miasma when
                  | damaged in melee. [demonic ancestry]
  2670 | D:4      | Reached XP level 6. HP: 44/44 MP: 6/6
  2746 | D:4      | Reached skill level 1 in Poison Magic
  2751 | D:4      | Noticed Edmund
  2769 | D:4      | Killed Edmund
  2770 | D:4      | Reached skill level 5 in Axes
  2770 | D:4      | Reached skill level 1 in Spellcasting
  2770 | D:4      | Reached skill level 1 in Evocations
  2770 | D:4      | Reached XP level 7. HP: 13/50 MP: 8/8
  3372 | D:2      | Bought a glowing cloak for 180 gold pieces
  3449 | D:5      | Entered Level 5 of the Dungeon
  3449 | D:5      | Found a staircase to the Ecumenical Temple.
  3512 | Temple   | Entered the Ecumenical Temple
  3811 | D:5      | Found a sacrificial altar of Ru.
  3936 | D:5      | Found an ancient bone altar of Kikubaaqudgha.
  4049 | D:5      | Gained mutation: Your touch may inflict minor irresistible
                  | damage on your foes. [demonic ancestry]
  4049 | D:5      | Reached XP level 8. HP: 45/56 MP: 9/11
  4325 | D:6      | Found a bloodstained altar of Trog.
  4369 | D:6      | Found a shimmering blue altar of Sif Muna.
  4384 | D:6      | Reached skill level 6 in Axes
  4397 | D:6      | Got a colourful book
  4471 | D:6      | Noticed Eustachio
  4481 | D:6      | Killed Eustachio
  4518 | D:6      | Found a stormy altar of Qazlal.
  4821 | D:6      | Noticed Menkaure
  4829 | D:6      | Killed Menkaure
  5336 | D:6      | Noticed Grinder
  5361 | D:6      | Killed Grinder
  5362 | D:6      | Gained mutation: You regenerate a little health from kills.
                  | [demonic ancestry]
  5362 | D:6      | Reached XP level 9. HP: 49/61 MP: 13/13
  5469 | D:6      | Reached skill level 5 in Throwing
  5732 | D:6      | Found the +7 Throatcutter {drain, coup de grace}
  5732 | D:6      | Noticed a kobold demonologist
  5740 | D:6      | Noticed a hellwing
  5742 | D:6      | Reached skill level 7 in Axes
  5743 | D:6      | Killed a kobold demonologist
  5884 | D:6      | Reached skill level 8 in Axes
  6342 | D:7      | Noticed a moth of wrath
  6343 | D:7      | Found a bloodstained altar of Trog.
  6343 | D:7      | Noticed justen's ghost (novice MfSh)
  6490 | D:7      | Reached skill level 1 in Long Blades
  6706 | D:7      | Found a transporter.
  6736 | D:7      | Found a transporter.
  6949 | D:8      | Reached skill level 5 in Armour
  7048 | D:8      | Reached XP level 10. HP: 58/63 MP: 14/14
  7058 | D:8      | Noticed a two-headed ogre
  7230 | D:7      | Slain by a two-headed ogre

Illustrated notes

Levels and vault maps discovered:
D:1:      wander_arrival_abandoned_jail, layout_basic, supply_closet_lemuel
D:2:      layout_basic, serial_shops,
          nicolae_shop_temple_entry_statues_fountains, basic_altar,
          chequers_serial_rivers_micro_a
D:3:      layout_basic, basic_ecumenical_altar, st_stairs_2, uniq_terence
D:4:      layout_basic, uniq_edmund
D:5:      layout_cave_pools, nicolae_overflow_squiral,
          mainiacjoe_overflow_paths, temple_statues
D:6:      minmay_razor_zed, layout_cave_pods, grunt_qazlal_clouds,
          nzn_overflow_gifts_of_might_and_magic, roderic_lattice_a,
          dilly_guarded_unrand_throatcut, uniq_eustachio, uniq_menkaure,
          uniq_grinder
D:7:      layout_loops_corners, gammafunk_ghost_wrathful_warriors
D:8:      layout_cave_pools, mainiacjoe_overflow_catwalk, uniq_maggie,
          uniq_psyche, uniq_jeremiah
Temple:   minmay_temple_curvy_branch

Skill      XL: |  1  2  3  4  5  6  7  8  9 |
---------------+----------------------------+-----
Axes           | 3 4 5 6 8 |  8.3
Throwing       | 2 3 4 5 |  5.5
Dodging        | 3 4 |  4.8
Armour         | 1 2 3 4 5 |  5.2
Poison Magic   | 1 2 3 |  3.9
Spellcasting   | 1 2 3 |  3.2
Evocations     | 1 2 3 |  3.3
Long Blades    | 1 |  1.3
Fighting       | |  2.0
Stealth        | |  0.5

Action                     |  1- 3 |  4- 6 |  7- 9 | 10-12 || total
---------------------------+-------+-------+-------+-------++-------
  Melee: War axe           |    83 |    94 |   161 |       ||   338
         Touch             |       |       |    36 |     1 ||    37
         Punch             |       |       |     3 |       ||     3
         Long sword        |       |       |    54 |    14 ||    68
  Throw: Boomerang         |    14 |    38 |   123 |       ||   175
  Evoke: Wand              |       |       |    20 |       ||    20
    Use: Scroll            |     2 |     6 |     3 |       ||    11
         Potion            |       |     1 |     3 |     1 ||     5
 Armour: Leather armour    |    56 |       |       |       ||    56
         Scale mail        |     6 |    89 |   221 |    39 ||   355
  Dodge: Dodged            |    97 |    66 |   183 |    39 ||   385

Table legend: (Time is in decaauts)
 A = Elapsed time spent in this place.
 B = Non-inter-level travel time spent in this place.
 C = Inter-level travel time spent in this place.
 D = Time resting spent in this place.
 E = Time spent auto-exploring this place.
 F = Levels seen in this place.
 G = Mean time per level.
                   A        B        C        D        E       F      G
               +--------+--------+--------+--------+--------+-----+--------+
         Total |   7365 |   6927 |    438 |      0 |   5462 |   9 |  818.3 |
       Dungeon |   7218 |   6859 |    359 |      0 |   5462 |   8 |  902.2 |
        Temple |    147 |     68 |     79 |      0 |      0 |   1 |  147.0 |
               +--------+--------+--------+--------+--------+-----+--------+

Top non-repeatable levels by time:
     D:6: 1863 daAuts
     D:4: 1065 daAuts
     D:1: 1060 daAuts
     D:7: 985 daAuts
     D:3: 807 daAuts
     D:5: 710 daAuts
     D:2: 582 daAuts
  Temple: 147 daAuts
     D:8: 142 daAuts
